General information
- name: BNet
- type: Ladder team game (AT/RT)
- host: Battle.net
- saver: ReignIForever
map: DragonFalls
- players: 8
- length: 50:43
- speed: Fast
- version: 1.26 W3XP
- replay type: Public
» download(217 KB)
Players
team 1 (loser)
cooner (
yellow | 59 APM | 2979 actions | 50:42)
4 Warden
2 Shadow Strike
2 Blink
4 Priestess of the Moon
2 Trueshot Aura
2 Searing Arrows
1 Mountain King
1 Storm Bolt
» actions
| Assign group hotkey | 33 | |
| Basic commands | 43 | |
| Build / train | 155 | |
| Enter build submenu | 26 | |
| Enter hero's abilities submenu | 9 | |
| Remove unit from queue | 8 | |
| Right click | 2033 | |
| Select / deselect | 484 | |
| Select group hotkey | 62 | |
| Use ability | 126 | |
2979 total
» units
| Wisp | 35 | |
| Archer | 7 | |
| Glaive Thrower | 33 | |
| Satyr Shadowdancer | 1 | |
| Furbolg Shaman | 2 | |
| Thunder Lizard | 4 | |
82 total
» upgrades
| Ultravision | 1 | |
| Strength of the Wild | 1 | |
| Reinforced Hides | 1 | |
| Improved Bows | 1 | |
| Vorpal Blades | 1 | |
| Strength of the Moon | 3 | |
| Moon Armor | 2 | |
10 total
» buildings
| Moon Well | 9 | |
| Altar of Elders | 1 | |
| Ancient of War | 4 | |
| Hunter's Hall | 1 | |
| Tree of Ages | 2 | |
| Tree of Life | 5 | |
| Tree of Eternity | 4 | |
| Ancient Protector | 4 | |
| Ancient of Wonders | 1 | |
31 total
» build order
00:30 Moon Well
00:40 Altar of Elders
01:17 Ancient of War
01:41 Moon Well
02:24 Ancient of War
02:41 Hunter's Hall
03:34 Tree of Ages
04:32 Tree of Life
04:41 Moon Well
05:03 Moon Well
09:58 Ancient of War
10:00 Moon Well
10:02 Moon Well
10:04 Ancient of War
10:35 Moon Well
10:37 Moon Well
12:09 Tree of Eternity
12:09 Tree of Eternity
21:00 Tree of Life
21:07 Ancient Protector
21:16 Ancient of Wonders
25:00 Tree of Life
25:10 Ancient Protector
25:15 Ancient Protector
25:18 Ancient Protector
25:38 Moon Well
27:33 Tree of Life
28:02 Tree of Life

»
paranoia_8 (
green | 36 APM | 1804 actions | 50:08)
4 Blademaster
2 Critical Strike
2 Mirror Image
3 Far Seer
2 Chain Lighting
1 Feral Spirit
» actions
| Assign group hotkey | 19 | |
| Basic commands | 70 | |
| Build / train | 68 | |
| Enter build submenu | 42 | |
| Enter hero's abilities submenu | 7 | |
| Remove unit from queue | 1 | |
| Right click | 724 | |
| Select / deselect | 538 | |
| Select group hotkey | 250 | |
| Use ability | 84 | |
1804 total
» units
| Peon | 14 | |
| Shaman | 7 | |
| Troll Witch Doctor | 4 | |
| Goblin Shredder | 1 | |
| Tauren | 6 | |
| Siege Engine | 6 | |
38 total
» upgrades
| Shaman Training | 2 | |
| Witch Doctor Training | 2 | |
| Spiked Barricades | 2 | |
| Reinforced Defenses | 1 | |
| Melee Weapons | 3 | |
| Armor | 2 | |
| Pulverize | 1 | |
| Barrage | 1 | |
14 total
» buildings
| Orc Burrow | 11 | |
| Altar of Storms | 1 | |
| War Mill | 3 | |
| Stronghold | 1 | |
| Watch Tower | 13 | |
| Voodoo Lounge | 1 | |
| Spirit Lodge | 2 | |
| Fortress | 1 | |
| Tauren Totem | 2 | |
| Great Hall | 4 | |
| Workshop | 2 | |
41 total
» build order
00:10 Orc Burrow
00:18 Altar of Storms
01:22 War Mill
02:33 Stronghold
02:39 Orc Burrow
02:59 Watch Tower
03:20 Orc Burrow
04:06 Voodoo Lounge
04:34 Orc Burrow
05:03 Spirit Lodge
05:09 Spirit Lodge
05:39 Watch Tower
06:34 Fortress
06:57 Orc Burrow
08:25 Orc Burrow
09:21 Orc Burrow
09:54 Watch Tower
09:59 Watch Tower
10:04 Watch Tower
12:38 Orc Burrow
12:46 Tauren Totem
13:16 War Mill
14:18 Tauren Totem
14:21 Watch Tower
15:33 Watch Tower
16:57 Watch Tower
19:00 Great Hall
19:08 Great Hall
19:13 Orc Burrow
19:16 Orc Burrow
21:28 Workshop
22:03 Workshop
22:44 Watch Tower
23:40 Watch Tower
24:13 Watch Tower
27:19 Great Hall
27:24 Great Hall
28:39 Watch Tower
28:55 Orc Burrow
32:27 Watch Tower
33:32 War Mill
» items
| Tiny Great Hall | 1 | |
| Orb of Lightning | 1 | |
| Scroll of Regeneration | 1 | |
| Potion of Healing | 1 | |
4 total
STARWARSJEDI. (
teal | 50 APM | 2532 actions | 50:42)
6 Archmage
3 Blizzard
2 Brilliance Aura
1 Mass Teleport
» actions
| Assign group hotkey | 71 | |
| Basic commands | 288 | |
| Build / train | 73 | |
| Enter build submenu | 17 | |
| Enter hero's abilities submenu | 6 | |
| Give item / drop item | 5 | |
| Remove unit from queue | 1 | |
| Right click | 720 | |
| Select / deselect | 343 | |
| Select group hotkey | 892 | |
| Use ability | 116 | |
2532 total
» units
| Peasant | 19 | |
| Footman | 3 | |
| Goblin Shredder | 2 | |
| Siege Engine | 2 | |
| Gryphon Rider | 6 | |
| Mortar Team | 2 | |
34 total
» upgrades
| Swords | 3 | |
| Gunpowder | 3 | |
| Masonry | 2 | |
| Animal War Training | 1 | |
| Cloud | 1 | |
10 total
» buildings
| Altar of Kings | 1 | |
| Barracks | 1 | |
| Farm | 12 | |
| Scout Tower | 1 | |
| Arcane Tower | 1 | |
| Arcane Vault | 1 | |
| Town Hall | 2 | |
| Keep | 3 | |
| Blacksmith | 1 | |
| Lumber Mill | 1 | |
| Castle | 4 | |
| Gryphon Aviary | 5 | |
| Workshop | 3 | |
36 total
» build order
00:11 Altar of Kings
00:23 Barracks
00:37 Farm
00:52 Farm
01:37 Scout Tower
02:09 Arcane Tower
02:18 Farm
02:26 Arcane Vault
03:46 Town Hall
06:16 Keep
06:41 Blacksmith
06:53 Lumber Mill
08:46 Castle
08:46 Castle
09:03 Town Hall
09:06 Gryphon Aviary
09:06 Gryphon Aviary
09:07 Gryphon Aviary
10:07 Farm
10:08 Farm
10:08 Farm
10:09 Farm
10:09 Farm
10:10 Farm
11:15 Workshop
11:16 Workshop
11:16 Workshop
13:12 Gryphon Aviary
13:13 Gryphon Aviary
13:18 Farm
13:22 Keep
15:44 Castle
15:45 Castle
» items
| Scroll of Regeneration | 3 | |
| Potion of Healing | 3 | |
| Scroll of Town Portal | 3 | |
| Staff of Sanctuary | 1 | |
| Staff of Teleportation | 1 | |
| Potion of Lesser Invulnerability | 1 | |
12 total

»
Les_Barbares (
pink | 37 APM | 747 actions | 19:59)
5 Archmage
2 Summon Water Elemental
3 Blizzard
2 Mountain King
1 Storm Bolt
1 Thunder Clap
» actions
| Assign group hotkey | 21 | |
| Basic commands | 9 | |
| Build / train | 63 | |
| Enter build submenu | 24 | |
| Enter hero's abilities submenu | 7 | |
| Give item / drop item | 1 | |
| Right click | 200 | |
| Select / deselect | 216 | |
| Select group hotkey | 170 | |
| Use ability | 36 | |
747 total
» units
| Peasant | 16 | |
| Rifleman | 10 | |
| Satyr Shadowdancer | 2 | |
| Mortar Team | 9 | |
37 total
» upgrades
| Masonry | 2 | |
| Gunpowder | 3 | |
| Armor | 2 | |
| Long Rifles | 1 | |
| Fragmentation Shards | 1 | |
| Flare | 1 | |
| Lumber Harvesting | 1 | |
11 total
» buildings
| Farm | 11 | |
| Altar of Kings | 1 | |
| Blacksmith | 1 | |
| Barracks | 1 | |
| Scout Tower | 2 | |
| Arcane Vault | 1 | |
| Arcane Tower | 1 | |
| Lumber Mill | 1 | |
| Keep | 1 | |
| Guard Tower | 1 | |
| Town Hall | 1 | |
| Workshop | 2 | |
| Castle | 1 | |
25 total
» build order
00:10 Farm
00:16 Altar of Kings
00:35 Blacksmith
01:15 Barracks
01:32 Farm
02:13 Scout Tower
02:17 Farm
03:01 Arcane Vault
03:10 Arcane Tower
03:18 Farm
04:05 Farm
04:47 Scout Tower
05:00 Lumber Mill
05:02 Keep
05:24 Farm
06:42 Guard Tower
08:56 Town Hall
09:35 Workshop
09:40 Workshop
09:51 Farm
11:49 Castle
12:01 Farm
15:48 Farm
15:50 Farm
15:52 Farm
» items
| Boots of Speed | 1 | |
| Circlet of Nobility | 1 | |
2 total
team 2 (winner)

»
the_retarded (
purple | 28 APM | 78 actions | 02:44)
» actions
| Assign group hotkey | 1 | |
| Build / train | 8 | |
| Enter build submenu | 7 | |
| Right click | 26 | |
| Select / deselect | 17 | |
| Select group hotkey | 14 | |
| Use ability | 5 | |
78 total
» units
| Acolyte | 2 | |
| Ghoul | 2 | |
| Peon | 2 | |
| Crypt Fiend | 1 | |
7 total
» buildings
| Graveyard | 1 | |
| Crypt | 1 | |
| Altar of Darkness | 1 | |
| Ziggurat | 1 | |
| Tomb of Relics | 1 | |
5 total
» build order
00:40 Graveyard
00:42 Crypt
00:46 Altar of Darkness
01:31 Ziggurat
01:43 Tomb of Relics

»
lzzzz. (
orange | 18 APM | 10 actions | 00:32)
ReignIForever (
blue | 59 APM | 3011 actions | 50:43)
5 Mountain King
3 Storm Bolt
2 Bash
3 Death Knight
2 Death Coil
1 Unholy Aura
» actions
| Assign group hotkey | 72 | |
| Basic commands | 86 | |
| Build / train | 276 | |
| ESC pressed | 5 | |
| Enter build submenu | 169 | |
| Enter hero's abilities submenu | 9 | |
| Give item / drop item | 2 | |
| Right click | 985 | |
| Select / deselect | 658 | |
| Select group hotkey | 491 | |
| Use ability | 258 | |
3011 total
» units
| Peasant | 54 | |
| Footman | 7 | |
| Peon | 7 | |
| Acolyte | 2 | |
| Grunt | 1 | |
| Troll Headhunter/Berserker | 4 | |
| Ghoul | 1 | |
| Goblin Zeppelin | 3 | |
| Green Dragon | 7 | |
| Green Drake | 2 | |
| Green Dragon Whelp | 4 | |
92 total
» upgrades
| Masonry | 2 | |
| Spiked Barricades | 3 | |
| Reinforced Defenses | 1 | |
| Berserker Upgrade | 1 | |
| Pillage | 1 | |
| Troll Regeneration | 1 | |
| Creature Attack | 1 | |
| Lumber Harvesting | 1 | |
| Swords | 2 | |
| Armor | 2 | |
15 total
» buildings
| Altar of Kings | 3 | |
| Barracks | 3 | |
| Farm | 12 | |
| Lumber Mill | 5 | |
| Scout Tower | 36 | |
| Guard Tower | 65 | |
| War Mill | 1 | |
| Orc Burrow | 4 | |
| Nerubian Tower | 11 | |
| Ziggurat | 22 | |
| Arcane Tower | 4 | |
| Arcane Vault | 2 | |
| Spirit Tower | 17 | |
| Watch Tower | 49 | |
| Town Hall | 8 | |
| Halls of the Dead | 6 | |
| Keep | 6 | |
| Stronghold | 4 | |
| Altar of Storms | 1 | |
| Black Citadel | 8 | |
| Necropolis | 1 | |
| Fortress | 2 | |
| Voodoo Lounge | 1 | |
| Altar of Darkness | 1 | |
| Graveyard | 1 | |
| Blacksmith | 1 | |
| Crypt | 4 | |
| Gryphon Aviary | 3 | |
| Castle | 1 | |
282 total
» build order
00:10 Altar of Kings
00:13 Barracks
00:15 Farm
00:57 Farm
01:42 Lumber Mill
02:17 Farm
02:31 Scout Tower
02:34 Scout Tower
03:00 Guard Tower
03:01 Guard Tower
03:03 Guard Tower
03:04 Guard Tower
03:11 Scout Tower
03:12 Scout Tower
03:14 Scout Tower
03:18 War Mill
03:22 Orc Burrow
03:24 Orc Burrow
03:27 Nerubian Tower
03:27 Nerubian Tower
03:27 Nerubian Tower
03:28 Ziggurat
03:31 Ziggurat
03:32 Ziggurat
03:42 Guard Tower
03:47 Scout Tower
03:50 Scout Tower
03:56 Scout Tower
03:57 Scout Tower
03:59 Scout Tower
04:03 Ziggurat
04:05 Ziggurat
04:07 Ziggurat
04:08 Ziggurat
04:21 Guard Tower
04:21 Guard Tower
04:22 Arcane Tower
04:23 Arcane Tower
04:23 Arcane Tower
04:27 Guard Tower
04:27 Guard Tower
04:31 Lumber Mill
04:44 Arcane Vault
04:47 Scout Tower
04:51 Guard Tower
05:01 Spirit Tower
05:01 Spirit Tower
05:01 Spirit Tower
05:05 Watch Tower
05:06 Watch Tower
05:06 Watch Tower
05:07 Watch Tower
05:08 Watch Tower
05:09 Watch Tower
05:13 Watch Tower
05:27 Spirit Tower
05:27 Spirit Tower
05:29 Nerubian Tower
05:29 Nerubian Tower
05:32 Guard Tower
05:32 Guard Tower
05:32 Guard Tower
05:52 Guard Tower
05:52 Guard Tower
06:45 Town Hall
07:21 Watch Tower
07:22 Watch Tower
07:22 Watch Tower
07:24 Watch Tower
07:30 Watch Tower
07:33 Spirit Tower
07:33 Spirit Tower
07:33 Spirit Tower
07:35 Ziggurat
07:36 Ziggurat
07:37 Ziggurat
07:38 Ziggurat
07:41 Ziggurat
07:42 Ziggurat
07:44 Halls of the Dead
07:44 Halls of the Dead
07:54 Scout Tower
07:56 Scout Tower
07:58 Scout Tower
08:01 Scout Tower
08:04 Scout Tower
08:06 Scout Tower
08:27 Guard Tower
08:27 Guard Tower
08:27 Guard Tower
08:28 Guard Tower
08:29 Guard Tower
08:29 Guard Tower
08:32 Guard Tower
08:46 Guard Tower
08:46 Guard Tower
08:55 Scout Tower
08:59 Scout Tower
09:03 Scout Tower
09:09 Keep
09:09 Keep
09:18 Guard Tower
09:18 Guard Tower
09:18 Guard Tower
09:25 Spirit Tower
09:29 Stronghold
09:30 Stronghold
09:30 Stronghold
09:45 Town Hall
10:00 Scout Tower
10:01 Scout Tower
10:04 Scout Tower
10:05 Scout Tower
10:13 Guard Tower
10:13 Guard Tower
10:47 Guard Tower
11:00 Guard Tower
11:00 Guard Tower
11:00 Guard Tower
11:18 Scout Tower
11:19 Scout Tower
11:20 Scout Tower
11:21 Scout Tower
11:41 Watch Tower
11:41 Watch Tower
11:42 Watch Tower
11:42 Watch Tower
11:58 Guard Tower
11:58 Guard Tower
12:10 Guard Tower
12:10 Guard Tower
12:10 Guard Tower
12:15 Scout Tower
12:17 Scout Tower
12:29 Guard Tower
12:29 Guard Tower
12:40 Watch Tower
12:42 Watch Tower
12:42 Watch Tower
12:43 Watch Tower
12:44 Watch Tower
12:56 Altar of Storms
13:01 Guard Tower
13:01 Guard Tower
13:03 Scout Tower
13:06 Scout Tower
13:06 Scout Tower
13:07 Scout Tower
13:09 Scout Tower
13:12 Scout Tower
13:40 Black Citadel
13:40 Black Citadel
13:42 Ziggurat
13:43 Ziggurat
13:43 Ziggurat
13:44 Ziggurat
13:44 Ziggurat
13:45 Ziggurat
14:59 Spirit Tower
15:02 Spirit Tower
15:02 Spirit Tower
15:02 Spirit Tower
15:06 Necropolis
15:08 Fortress
15:12 Watch Tower
15:14 Watch Tower
15:15 Watch Tower
15:16 Watch Tower
15:17 Watch Tower
15:19 Watch Tower
15:46 Watch Tower
15:46 Watch Tower
15:47 Watch Tower
15:48 Watch Tower
15:49 Watch Tower
16:20 Altar of Kings
16:23 Farm
16:25 Farm
16:28 Farm
16:33 Watch Tower
16:34 Watch Tower
16:35 Watch Tower
16:36 Watch Tower
16:44 Watch Tower
16:45 Watch Tower
16:45 Watch Tower
16:46 Watch Tower
16:47 Watch Tower
16:48 Watch Tower
16:56 Watch Tower
16:57 Watch Tower
17:01 Watch Tower
17:02 Watch Tower
17:05 Watch Tower
18:31 Watch Tower
18:34 Watch Tower
19:50 Barracks
19:53 Barracks
22:53 Voodoo Lounge
23:11 Orc Burrow
25:32 Lumber Mill
26:07 Orc Burrow
26:52 Halls of the Dead
26:53 Halls of the Dead
27:05 Town Hall
32:09 Keep
32:09 Keep
32:10 Keep
32:16 Farm
32:19 Farm
32:37 Farm
32:40 Farm
32:42 Farm
32:44 Farm
33:39 Altar of Darkness
33:41 Graveyard
33:51 Ziggurat
33:55 Ziggurat
33:56 Ziggurat
34:12 Blacksmith
34:36 Lumber Mill
34:41 Black Citadel
34:42 Black Citadel
34:42 Black Citadel
34:44 Nerubian Tower
34:44 Nerubian Tower
34:44 Nerubian Tower
34:48 Crypt
34:50 Crypt
34:52 Crypt
34:58 Crypt
35:43 Spirit Tower
35:50 Town Hall
36:09 Altar of Kings
38:08 Town Hall
40:18 Town Hall
41:49 Gryphon Aviary
41:52 Gryphon Aviary
41:55 Gryphon Aviary
44:10 Castle
46:01 Arcane Vault
46:12 Town Hall
46:51 Lumber Mill
49:24 Town Hall
» items
| Scroll of Regeneration | 1 | |
| Lesser Clarity Potion | 1 | |
| Potion of Healing | 2 | |
| Tiny Great Hall | 1 | |
| Boots of Speed | 1 | |
| Periapt of Vitality | 1 | |
| Staff of Teleportation | 1 | |
| Scroll of Healing | 1 | |
| Potion of Lesser Invulnerability | 1 | |
10 total
Chat log
(00:17 / All) STARWARSJEDI.: brazil #1
(00:18 / All) ReignIForever: I AM THE GOD THOR
(00:20 / All) ReignIForever: I AM THE WAR GOD
(00:22 / All) ReignIForever: HERE IN MY NORTHLAND
(00:25 / All) ReignIForever: REIGN I FOREVER!
(00:26 / All) lzzzz.: brasil é nói
(00:33 / Allies) ReignIForever: Free expo for me
(00:38 / Allies) ReignIForever: Stop leaving faggots
(00:53 / All) the_retarded: one leaver
(00:54 / All) Les_Barbares: you afraid Izzzzz
(00:55 / All) the_retarded: and one afk
(00:57 / All) the_retarded: gg
(00:58 / All) the_retarded: guys
(01:00 / All) the_retarded: free game
(01:01 / All) ReignIForever: Not over yet
(01:11 / All) the_retarded: of course
(01:13 / All) the_retarded: its done
(01:14 / All) the_retarded: gg
(01:14 / All) ReignIForever: Good job spoiling it for them though
(01:16 / All) ReignIForever: Now they know
(01:17 / All) ReignIForever: dumbass
(01:32 / All) cooner: im afk
(01:37 / All) the_retarded: red too
(01:40 / All) ReignIForever: No you aren't
(01:44 / All) ReignIForever: I have maphack
(01:48 / All) STARWARSJEDI.: red is good
(01:52 / All) ReignIForever: You are top left inside playing
(01:52 / All) STARWARSJEDI.: he is lveel 20
(01:59 / All) the_retarded: but he is afk
(02:01 / All) Les_Barbares: hahaha fagget god need to cheat
(02:05 / All) cooner: dont need a mh for that
(02:06 / All) ReignIForever: *faggot
(02:08 / All) cooner: to know that
(02:12 / All) the_retarded: plus orange its leaver
(02:18 / All) the_retarded: and we are not controlling him
(02:21 / All) the_retarded: cause im typing
(02:33 / All) the_retarded: gg
(02:38 / All) the_retarded: good luck nex time to me
(02:41 / All) the_retarded: see ya guys
(02:45 / All) cooner: bye
(02:52 / All) STARWARSJEDI.: new acct ?
(02:54 / All) ReignIForever: What a faggot
(02:55 / All) ReignIForever: No, stay
(03:37 / All) ReignIForever: massing towers
(03:44 / All) cooner: thanks
(07:00 / All) STARWARSJEDI.: cock
(07:52 / All) cooner: dafsag
(07:57 / All) cooner: nig
(08:07 / All) cooner: lol
(08:13 / All) STARWARSJEDI.: asshole towerer
(08:27 / Allies) GeneralOverton: im sorry
(08:33 / All) ReignIForever: Red is back lol
(08:37 / Allies) GeneralOverton: gj w the towers tho
(08:41 / Allies) ReignIForever: ty
(09:01 / All) ReignIForever: lag out jesus christ
(09:05 / All) ReignIForever: god damn green
(09:17 / All) cooner: wtf blue
(09:19 / All) cooner: cmon man
(09:21 / All) ReignIForever: lol
(09:23 / All) cooner: did u really tower up
(09:25 / All) STARWARSJEDI.: tower assholes
(09:25 / All) ReignIForever: yes
(09:28 / All) cooner: blue
(09:31 / All) cooner: wats ur email
(09:32 / All) cooner: ima send u a pic
(09:32 / All) ReignIForever: why do you ask
(09:35 / All) cooner: of me cuttin myself
(09:56 / All) ReignIForever: Towers are my unit
(10:38 / All) STARWARSJEDI.: /w hot-girl plenty of time to drag this out girl oh yea like that
(12:05 / 7) ReignIForever: better hurry
(12:13 / 8) STARWARSJEDI.: we go tlot sof time
(12:51 / All) cooner: thats production
(14:12 / All) STARWARSJEDI.: wood plz
(14:28 / All) ReignIForever: lol
(14:31 / All) cooner: blue ur on my shit list
(14:34 / All) ReignIForever: thanks
(16:29 / All) STARWARSJEDI.: give me ur gold now green
(16:32 / All) cooner: glad my potm is here
(16:35 / All) cooner: i love that aura
(16:42 / All) cooner: makin me hard
(17:12 / 7) ReignIForever: these are the last bases
(17:19 / All) paranoia_8: wtf is wrong with u
(17:26 / All) STARWARSJEDI.: HAIL
(17:39 / All) ReignIForever: You haven't won until you see the victory screen
(18:00 / All) STARWARSJEDI.: GREEN IS TKING WTF
(18:28 / All) STARWARSJEDI.: I DIDnt even see them lol
(18:55 / All) cooner: teal
(18:57 / All) cooner: u fuckin nigger
(19:02 / All) ReignIForever: clear bot left expo for me if you can
(19:08 / All) ReignIForever: I can rebuild my hu base
(19:15 / All) cooner: hes doin it to be top score
(19:19 / All) ReignIForever: lol
(19:22 / All) cooner: like a nigger
(19:24 / All) STARWARSJEDI.: TOP SCORE WOO HOO
(19:27 / All) cooner: nigger
(19:42 / All) ReignIForever: You didn't get bot left expo
(20:20 / All) STARWARSJEDI.: why am i kiling my team blue
(22:07 / All) cooner: pro
(22:13 / All) STARWARSJEDI.: f u cooner!!!
(22:29 / All) ReignIForever: I thought 2 grunt 1 fiend 1 dk could do that camp
(22:34 / All) ReignIForever: apparently not but I never have this composition
(23:04 / All) STARWARSJEDI.: why are these niggers still defiling u
(23:07 / All) STARWARSJEDI.: blue
(23:18 / All) ReignIForever: Defying
(23:20 / All) ReignIForever: Not defiling
(23:32 / All) STARWARSJEDI.: defiling means degrading u
(23:37 / All) STARWARSJEDI.: by their presence alone
(23:44 / All) ReignIForever: Yeah it isn't degrading
(23:47 / All) ReignIForever: They are defying my judgement is all
(24:03 / All) ReignIForever: Oh I don't have enough wood for a hall, oops
(24:14 / All) ReignIForever: Does pillage give gold to your allies or you?
(24:17 / All) ReignIForever: when used by a leaver
(24:26 / All) cooner: allies
(24:30 / All) ReignIForever: WC3's leaver system is inconsistent, for example items are bought with your money and not the allies' money
(24:43 / All) cooner: yea thats bullshit
(24:46 / All) cooner: tryin to buy tps
(25:00 / All) ReignIForever: I had a game once where I would have won easy but I couldn't tp with the leaver I was controlling
(25:04 / All) ReignIForever: My allies kept bitching TP TP TP TP TP!!!!!
(25:09 / All) ReignIForever: Not realising I needed 350 gold to that leaver
(25:11 / All) ReignIForever: I asked for it
(25:14 / All) ReignIForever: They gave it to me and not the leaver
(25:52 / All) ReignIForever: oh I could have just made a lumber mill, oops now I have a ud base too I guess
(26:15 / All) cooner: shit like this
(26:16 / All) cooner: is why
(26:17 / All) cooner: i can
(26:18 / All) cooner: never
(26:19 / All) cooner: get
(26:20 / All) cooner: to
(26:21 / All) cooner: level
(26:22 / All) cooner: 29
(26:27 / All) STARWARSJEDI.: LOL
(26:32 / All) cooner: gonna watch some fight vids
(26:34 / All) cooner: not even kiddin
(26:36 / All) ReignIForever: Are you trying to get a new icon to join a clan?
(26:37 / All) STARWARSJEDI.: u do realize u get 2x as many wins from stabbing and afkers right
(26:38 / All) cooner: this is why
(26:41 / All) ReignIForever: What fights?
(26:44 / All) ReignIForever: You like MMA?
(26:44 / All) cooner: no
(27:09 / All) cooner: teal is mad
(27:13 / All) cooner: because lotr is better
(27:17 / All) STARWARSJEDI.: lawl
(27:21 / All) ReignIForever: LotR is offensive to my people
(27:23 / All) STARWARSJEDI.: oh no he didnt
(27:27 / All) STARWARSJEDI.: oh now he didnt
(27:34 / All) STARWARSJEDI.: george lucas is a genius
(27:36 / All) cooner: star wars have gay sabers
(27:42 / All) cooner: real men use swords
(28:15 / All) STARWARSJEDI.: nigga
(28:30 / All) ReignIForever:
(28:35 / All) ReignIForever: The French and Englishmen in it aren't relatable
(28:49 / All) ReignIForever: The most relatable faction is the "evil" one Tolkien drew from reality
(29:13 / All) ReignIForever: Elvish in LotR is modeled after Finnish, Uruk-Hai is modeled after Germanic languages instead of Finno-Hungarian languages
(29:22 / All) ReignIForever: You can see all the real life correlations very easily
(30:06 / All) ReignIForever: The name "orc" is also actually taken from a tribe in Scotland by the same name, it means boar in Gaelic
(30:14 / All) ReignIForever: Tolkien is an untalented hack ruining history as the basis of his series
(30:16 / All) STARWARSJEDI.: niggers are orcs
(30:32 / All) ReignIForever: Orcs are modeled after the Norsemen and Celtae
(30:42 / All) cooner: but
(30:45 / All) cooner: he had the mindset to do it
(30:51 / All) cooner: who gives a fuck
(30:55 / All) cooner: lotr goes hard
(31:12 / All) cooner: cant wait for those disney star wars movies lol
(31:23 / All) cooner: jar jar binks time twelve
(31:31 / All) ReignIForever: I have little in common with the Christian English riders of Rohan or the French people of Gondor
(31:34 / All) STARWARSJEDI.: dora the explorer vs luke skywalker's son
(31:41 / All) ReignIForever: The Uruk-Hai are the best part of LotR making an otherwise dull world interesting
(32:23 / All) STARWARSJEDI.: yellow what is ur favorite game of all time
(32:32 / All) ReignIForever: What's your favourite band and movie too?
(32:40 / All) cooner: tough ones
(32:51 / All) ReignIForever: Those are easy questions bro
(32:56 / All) cooner: favorite game
(33:01 / All) cooner: san andreas
(33:12 / All) cooner: band
(33:15 / All) STARWARSJEDI.: san anreas has a lead black protaonist tho
(33:18 / All) cooner: idk
(33:22 / All) cooner: yea
(33:23 / All) ReignIForever: What about favourite movie and band?
(33:39 / All) cooner: idk bout band
(33:49 / All) ReignIForever: You don't listen to music?
(33:56 / All) cooner: i listen to too much music
(33:59 / All) cooner: to pick
(34:07 / All) ReignIForever: You must have a most played band or something
(34:14 / All) cooner: ill check
(34:56 / All) cooner: an offspring song is number one
(35:09 / All) cooner: i
(35:43 / All) cooner: self esteem
(36:18 / All) cooner: next is a rapper called currency
(36:33 / All) ReignIForever: How old are you?
(36:37 / All) cooner: 20
(36:47 / All) ReignIForever: What's your favourite food?
(36:53 / All) STARWARSJEDI.: lol
(37:07 / All) cooner: you guys have my credit card number lol?
(37:13 / All) ReignIForever: No, but what is it?
(37:21 / All) cooner: its 5
(37:21 / All) ReignIForever: Help my base bro he is assaulting me
(37:39 / All) cooner: not my lizard
(38:00 / All) cooner: teal giv some gold
(38:06 / All) cooner: need another lizard
(38:20 / All) STARWARSJEDI.: only if you tell me ur opinion on the hobbit
(38:43 / All) cooner: it was pretty good
(38:50 / All) STARWARSJEDI.: thats it?
(38:51 / All) cooner: i was suprised they are splittin it into 3 movies
(39:00 / All) ReignIForever: "It"? Do you think hobbits aren't worthy of personship?
(39:18 / All) cooner: i read the hobbit like 4 years ago
(39:22 / All) STARWARSJEDI.: the main dwarf was awesome
(39:23 / All) cooner: dont remember too much
(39:29 / All) paranoia_8: well oj
(39:32 / 7) ReignIForever: Kill your farms so if you lag out you can't rebuild
(39:33 / All) paranoia_8: u can win this
(39:38 / All) paranoia_8: if u can kill teal
(39:42 / All) ReignIForever: lol
(39:53 / All) cooner: teal 100g
(39:56 / All) paranoia_8: right now he is in the north
(39:57 / All) STARWARSJEDI.: LMAO
(39:59 / All) STARWARSJEDI.: green
(40:00 / All) cooner: 100g
(40:07 / All) cooner: 1 more lizard
(40:08 / All) cooner: then we fight
(40:13 / All) STARWARSJEDI.: i will rape blue!!!
(40:21 / All) ReignIForever: Got my first lvl 10 dragon
(40:37 / All) paranoia_8: just keep buying dragons
(40:46 / All) ReignIForever: I will
(40:50 / All) paranoia_8: he only has air .. and they dont hit lv 10 dragons
(40:50 / All) STARWARSJEDI.: he cant beat me green
(40:53 / All) STARWARSJEDI.: i got 7k gold
(41:16 / 8) STARWARSJEDI.: kill my base
(41:18 / 8) STARWARSJEDI.: leave one building
(41:35 / All) cooner: the humans kill the dragon
(41:36 / All) cooner: in the end
(41:44 / All) cooner: they hit it with an arrow
(41:49 / All) cooner: inbetween scales
(41:50 / All) STARWARSJEDI.: dont spoil it god dammit
(41:52 / All) STARWARSJEDI.: i thought bilbo
(41:52 / All) cooner: and he dies
(41:54 / All) STARWARSJEDI.: raped
(42:02 / All) paranoia_8: kill him blue
(42:03 / All) cooner: thats the end of the 3rd movie
(42:12 / All) cooner: 100g teal
(42:13 / All) ReignIForever: Spoilers don't hurt my enjoyment of anything anyway
(42:22 / All) cooner: you guys are fags
(42:25 / All) ReignIForever: Thanks
(42:25 / All) cooner: thats why i said that
(42:27 / All) cooner: bitches
(42:36 / All) STARWARSJEDI.: how
(42:38 / All) ReignIForever: Do you have any compliments for me?
(42:41 / All) STARWARSJEDI.: green still doesn't get it lol
(42:42 / All) ReignIForever: I like being insulted in new ways in particular
(42:47 / All) ReignIForever: Come up with a new insult for me to put in the record books
(43:02 / All) cooner: youre nigger juice
(43:12 / All) STARWARSJEDI.: how
(43:13 / All) ReignIForever: That one isn't that special, I think I've heard it before
(43:24 / All) cooner: you heard nigger juice lol?
(43:30 / All) ReignIForever: Yes, it sounds familiar
(43:30 / All) STARWARSJEDI.: yes i love it
(43:37 / All) ReignIForever: I've also been told I will be executed by a Saudi prince
(43:46 / All) ReignIForever: and told I will go to hell and have my soul drank by Satan then shit out
(43:59 / All) cooner: im satan's little helper
(44:00 / All) ReignIForever: Why'd you just kill my hero bro I wasn't paying attention
(44:37 / All) STARWARSJEDI.: green where u at bro
(44:39 / All) STARWARSJEDI.: im gonna win
(44:47 / All) ReignIForever: I'm killing his houses
(44:48 / All) cooner: good shit blue
(44:49 / All) STARWARSJEDI.: i think house means main hall
(44:52 / All) cooner: kill that niggas house
(44:52 / All) paranoia_8: with 7k he cant do shit without house
(44:59 / All) cooner: no house no gold
(45:03 / All) ReignIForever: I know, I'm killing his houses so he has no food left over to make anything
(45:03 / All) cooner: you know how it works
(45:12 / All) ReignIForever: It will be like he was hit by Hurricane Sandy or something, his men will starve
(45:13 / All) cooner: gg teal
(45:16 / All) cooner: noob
(45:20 / All) STARWARSJEDI.: by eyellow
(45:21 / All) ReignIForever: Dragon spalsh hits heroes that's pretty dumb
(45:23 / All) STARWARSJEDI.: may the force be with u
(45:32 / All) STARWARSJEDI.: STAR WARS > LOTR
(45:36 / All) cooner: u wish
(45:39 / All) STARWARSJEDI.: jedi > gondor knights
(45:42 / All) ReignIForever: Star Wars is the Twilight of scifi
(45:47 / All) ReignIForever: You should read a book like Dune
(45:56 / All) STARWARSJEDI.: the white city is so easy to siege
(46:06 / All) STARWARSJEDI.: just catapult that flimsy brick building
(46:10 / All) cooner: blue u missed a house
(46:15 / All) paranoia_8: his army is in front of OJ base
(46:16 / All) STARWARSJEDI.: helms deep > it
(46:26 / All) ReignIForever: I said I have maphack earlier
(46:29 / All) ReignIForever: I know where his army is
(46:33 / All) STARWARSJEDI.: apparently green didnt hear that
(46:39 / All) STARWARSJEDI.: he is busy focusing on "my house"
(46:58 / All) paranoia_8: gg blue u got this
(47:29 / All) ReignIForever: HERE AMID ICEBERGS
(47:34 / All) ReignIForever: RULE I THE NATIONS!
(47:39 / All) ReignIForever: THIS IS MY HAMMER
(47:43 / All) ReignIForever: GIANTS AND SORCERERS!
(47:46 / All) STARWARSJEDI.: hey green
(47:48 / All) ReignIForever: CANNOT WITHSTAND IT!
(47:50 / All) STARWARSJEDI.: look at purples name
(47:53 / All) cooner: 1 win away from 29
(47:58 / All) ReignIForever: THESE ARE MY GAUNTLETS
(48:01 / All) ReignIForever: WHEREWITH I WIELD IT
(48:02 / All) cooner: now im 2
(48:07 / All) ReignIForever: AND HURL IT AFAR OFF
(48:14 / All) ReignIForever: THIS IS MY GIRDLE
(48:19 / All) ReignIForever: WHENEVER I BRACE IT
(48:23 / All) STARWARSJEDI.: lets remember the name cooner
(48:26 / All) ReignIForever: STRENGTH IS REDOUBLED!
(48:33 / All) cooner: <<drophack>>>engage>><<
(48:35 / All) STARWARSJEDI.: cooner if we face u again we'll tell you we're the "standoff guys"
(48:36 / All) STARWARSJEDI.: ok?
(48:39 / All) cooner: >>>drop cooner???
(48:47 / All) ReignIForever: You are drophacking? Hi Cody!
(48:48 / All) STARWARSJEDI.: ok?
(48:53 / All) cooner: u will face me again
(48:56 / All) cooner: i always get tkers
(48:59 / All) STARWARSJEDI.: lolz
(49:00 / All) ReignIForever: Good
(49:02 / All) cooner: always
(49:04 / All) cooner: clan sth
(49:06 / All) ReignIForever: I don't play much anymore though
(49:06 / All) cooner: loves me
(49:07 / All) STARWARSJEDI.: mass games and still face level 1's
(49:08 / All) ReignIForever: I'm mostly retired
(49:19 / All) cooner: blue
(49:23 / All) cooner: u should leave
(49:26 / All) paranoia_8: gg
(49:26 / All) ReignIForever: should
(49:28 / All) cooner: or ima cry
(49:30 / All) paranoia_8: last base
(49:34 / All) paranoia_8: and u win
(49:50 / All) ReignIForever: I wasn't going to kill it
(49:57 / All) STARWARSJEDI.: i know
(50:13 / All) ReignIForever: I felt like killing an archmage though, I apologise for that
(50:13 / All) STARWARSJEDI.: ok end it
(50:17 / All) ReignIForever: Haven't had many hero kills in a while
(50:23 / All) STARWARSJEDI.: i wanted ut o
(50:34 / All) STARWARSJEDI.: remember cooners name
(50:41 / All) cooner: cooner